 Dungeon Crawl Stone Soup version 0.29-a0-830-gcb1280458a (webtiles) character file.

Game seed: 5594628569654096355

5 Bnni the Shooter (level 1, -3/16 HPs)
             Began as a Demonspawn Hunter on July 12, 2022.
             Succumbed to a kobold's poison
             ... on level 1 of the Dungeon.
             The game lasted 00:00:14 (61 turns).

Bnni the Shooter (Demonspawn Hunter)                  Turns: 61, Time: 00:00:14

Health: -3/16      AC:  3    Str: 11    XL:     1   Next: 66%
Magic:  1/1        EV: 11    Int: 10    God:
Gold:   10         SH:  0    Dex: 16    Spells: 0/0 levels left

rFire   . . .      SeeInvis .   a - +0 shortbow
rCold   . . .      Faith    .   (shield currently unavailable)
rNeg    . . .      Spirit   .   c - +0 leather armour
rPois   .          Reflect  .   (no helmet)
rElec   .          Harm     .   (no cloak)
rCorr   .          Rampage  .   (no gloves)
Will    .....                   (no boots)
Stlth   +.........              (no amulet)
HPRegen 0.05/turn               (no ring)
MPRegen 0.07/turn               (no ring)

@: lethally poisoned (-3 -> -33)
A: no striking features
a: no special abilities


You were on level 1 of the Dungeon.
You visited 1 branch of the dungeon, and saw 1 of its levels.

You collected 10 gold pieces.

Inventory:

Hand Weapons
 a - a +0 shortbow (weapon)
Armour
 c - a +0 leather armour (worn)
Scrolls
 b - a scroll of immolation
Potions
 d - a potion of degeneration {unknown}


   Skills:
 + Level 2.1 Fighting
 * Level 3.8 Ranged Weapons
 - Level 1.7 Dodging
 - Level 0.8 Stealth


You couldn't memorise any spells.
You didn't know any spells.
Your spell library was empty.

Dungeon Overview and Level Annotations

Branches:
Dungeon (1/15)

Altars:


Message History

You shoot an arrow. The arrow hits the ball python!
You kill the ball python!
No target in view!
A kobold and 2 bats come into view.
The kobold is wielding a +2 dagger of venom.
The kobold shouts!
You hear a shout!
You shoot an arrow. The arrow hits the bat!
You kill the bat!
A bat comes into view.
A kobold comes into view. It is wielding a +0 club.
The bat barely misses you.
You shoot an arrow. The arrow completely misses the bat.
The bat barely misses you. The bat hits you but does no damage.
A hobgoblin comes into view.
You shoot an arrow. The arrow barely misses the bat.
The hobgoblin shouts!
The bat hits you but does no damage. The bat closely misses you.
The bat hits you but does no damage.
You shoot an arrow.
The arrow hits the bat but does no damage.
The bat hits you. The bat barely misses you. The kobold barely misses you.
The bat misses you.
You shoot an arrow. The arrow hits the bat.
The bat is severely wounded.
The bat hits you. The bat hits you but does no damage.
The kobold barely misses you. The bat hits you.
The kobold hits you with a +2 dagger of venom.
You are lethally poisoned!
You shoot an arrow. The arrow hits the kobold.
You kill the kobold!
You feel very sick. The bat hits you but does no damage. The bat hits you.
The bat barely misses you. The kobold hits you but does no damage.
You are more poisoned.
The bat barely misses you. The kobold attacks as you move away!
The kobold hits you with a +2 dagger of venom.
* * * LOW HITPOINT WARNING * * *
You are more poisoned.
You die...

#...........##
#.........##.#
#........###.#
#.......## #.#
.........###.#
.......(...##.#
.............##
....####.....##
......b.@.....##
#.....b........##
......)K##......##
####.....###.....##
#.....g ###....##
##..†... ###...##
#....... ###..##
$........ ###.#
.#......... ###


You could see 2 bats and a kobold.

Vanquished Creatures
  A ball python (D:1)
  A bat (D:1)
  A kobold (D:1)
  A quokka (D:1)
4 creatures vanquished.

Notes
Turn   | Place    | Note
-------+----------+-------------------------------------------
     0 | D:1      | Bnni the Demonspawn Hunter began the quest for the Orb.
     0 | D:1      | Reached XP level 1. HP: 16/16 MP: 1/1
    61 | D:1      | Succumbed to a kobold's poison

Illustrated notes

Levels and vault maps discovered:
D:1:      minmay_arrival_pointy, layout_rooms, basic_ecumenical_altar,
          minmay_nonomino_d4

Action                   || total
-------------------------++-------
 Fire: Shortbow          ||    10
Armor: Leather armour    ||     6
Dodge: Dodged            ||     9

Table legend: (Time is in decaauts)
 A = Elapsed time spent in this place.
 B = Non-inter-level travel time spent in this place.
 C = Inter-level travel time spent in this place.
 D = Time resting spent in this place.
 E = Time spent auto-exploring this place.
 F = Levels seen in this place.
 G = Mean time per level.
                   A        B        C        D        E       F      G
               +--------+--------+--------+--------+--------+-----+--------+
         Total |     64 |     64 |      0 |      0 |     46 |   1 |   64.0 |
       Dungeon |     64 |     64 |      0 |      0 |     46 |   1 |   64.0 |
               +--------+--------+--------+--------+--------+-----+--------+

Top non-repeatable levels by time:
     D:1: 64 daAuts
